 Dungeon Crawl Stone Soup version 0.22.1-2-g9c5b331383 (webtiles) character file.

148 Knorr the Charmwright (level 5, -1/39 HPs)
             Began as a Human Skald on Dec 30, 2018.
             Slain by a centaur (8 damage)
             ... on level 5 of the Dungeon.
             The game lasted 00:15:46 (1844 turns).

Knorr the Charmwright (Human Skald)                 Turns: 1844, Time: 00:15:47

Health: -1/39      AC:  3    Str: 12    XL:     5   Next: 56%
Magic:  4/8        EV: 12    Int: 13    God:
Gold:   112        SH:  0    Dex: 13    Spells: 2/8 levels left

rFire    . . .     SeeInvis .   a - +1 falchion
rCold    . . .     Gourm    .   (no shield)
rNeg     + . .     Faith    .   b - +0 leather armour
rPois    .         Spirit   .   (no helmet)
rElec    .         Reflect  .   (no cloak)
rCorr    .         Harm     .   (no gloves)
MR       .....                  (no boots)
Stlth    +.........             (no amulet)
HPRegen  0.13/turn              e - ring of positive energy
MPRegen  0.11/turn              (no ring)

@: very slightly contaminated
A: no striking features
a: no special abilities


You were on level 5 of the Dungeon.
You were not hungry.

You visited 1 branch of the dungeon, and saw 5 of its levels.

You collected 112 gold pieces.

Inventory:

Hand Weapons
 a - a +1 falchion (weapon)
Missiles
 c - 77 stones (quivered)
Armour
 b - a +0 leather armour (worn)
Jewellery
 e - a ring of positive energy (left hand)
Wands
 g - a wand of random effects (36)
Scrolls
 f - 2 scrolls of identify
 h - a scroll of remove curse
Comestibles
 d - 3 rations


   Skills:
 + Level 2.3 Fighting
 + Level 3.2 Long Blades
 + Level 0.1 Throwing
 + Level 2.0 Armour
 * Level 2.6 Dodging
 + Level 0.2 Stealth
 * Level 2.4 Spellcasting
 + Level 0.1 Hexes
 * Level 3.7 Charms
 + Level 0.1 Translocations


You had 2 spell levels left.
You knew the following spells:

 Your Spells              Type           Power        Failure   Level  Hunger
a - Infusion              Chrm           ##..         7%          1    #......
b - Shroud of Golubria    Chrm/Tloc      #.........   22%         2    ###....
c - Spectral Weapon       Hex/Chrm       #.......     38%         3    ###....

Your spell library contained the following spells:

 Spells                   Type           Power        Failure   Level  Hunger
 Song of Slaying          Chrm           ##......     11%         2    ###....
 Regeneration             Chrm/Necr      #.........   41%         3    ###....


Dungeon Overview and Level Annotations

Branches:
Dungeon (5/15)
 Temple: D:4-7

Altars:
Ashenzari


Message History

The centaur unwields an uncursed shortbow.
The centaur misses you.
You riposte.
You hit the centaur.
The centaur is lightly wounded.
There is an open door here.
You see here 2 arrows.
Casting: Spectral Weapon (slightly dangerous; 38% risk of failure)
Confirm with . or Enter, or press ? or * to list all spells.
You miscast Infusion.
You are very lightly contaminated with residual magic.
Nothing appears to happen.
The centaur misses you.
You riposte.
You barely miss the centaur.
The centaur is lightly wounded.
The worker ant bites you!
* * * LOW HITPOINT WARNING * * *
A yak comes into view.
The yak bellows!
You hit the centaur but do no damage.
The centaur is lightly wounded.
The centaur hits you!
You die...

#....###...#######
###+####...#..#..#
..............#
..............#
........>.....#
..............#
Y###########..##..#
.......##.##..##..#
.....Yc@..........#
......a#((........#
.......#.###.###..#
.....##### #####..#
..... #...# ....
#...# ... ##### ###


You could see 2 yaks, a centaur and a worker ant.

Vanquished Creatures
  A bullfrog (D:4)
  A jelly (D:5)
  A worm (D:2)
  3 dart slugs (D:1)
  3 leopard geckos
  10 bats
  5 giant cockroaches
  3 hobgoblins
  4 jackals (D:1)
  A ball python (D:1)
  4 frilled lizards
  A giant cockroach zombie (D:5)
  4 goblins
  4 kobolds
  4 rats (D:1)
49 creatures vanquished.

Vanquished Creatures (others)
  A bat (D:3)
  A rat (D:3)
  A spectral weapon (D:5)
3 creatures vanquished.

Grand Total: 52 creatures vanquished

Notes
Turn   | Place    | Note
-------+----------+-------------------------------------------
     0 | D:1      | Knorr the Human Skald began the quest for the Orb.
     0 | D:1      | Reached XP level 1. HP: 16/16 MP: 3/3
   161 | D:1      | Reached XP level 2. HP: 22/22 MP: 5/5
   169 | D:1      | Learned a level 2 spell: Song of Slaying
   475 | D:1      | Reached XP level 3. HP: 24/27 MP: 6/6
   513 | D:1      | Learned a level 2 spell: Shroud of Golubria
   517 | D:1      | Learned a level 3 spell: Spectral Weapon
  1363 | D:3      | Reached XP level 4. HP: 27/33 MP: 0/7
  1641 | D:4      | Found a shattered altar of Ashenzari.
  1660 | D:4      | Noticed a bullfrog
  1665 | D:4      | Killed a bullfrog
  1665 | D:4      | Reached XP level 5. HP: 28/39 MP: 4/8
  1691 | D:5      | Entered Level 5 of the Dungeon
  1837 | D:5      | Noticed a centaur
  1839 | D:5      | Noticed a yak
  1843 | D:5      | Noticed a yak
  1844 | D:5      | Slain by a centaur

Skill      XL: |  1  2  3  4  5 |
---------------+----------------+-----
Armour         | 2 |  2.0
Long Blades    | 3 |  3.2
Fighting       | |  2.3
Throwing       | |  0.1
Dodging        | |  2.6
Stealth        | |  0.2
Spellcasting   | |  2.4
Hexes          | |  0.1
Charms         | |  3.7
Translocations | |  0.1

Action                   |  1- 3 |  4- 6 || total
-------------------------+-------+-------++-------
Melee: Falchion          |   125 |    38 ||   163
Throw: Stone             |    16 |     4 ||    20
 Cast: Infusion          |     6 |     1 ||     7
       Shroud of Golubri |     4 |     1 ||     5
       Spectral Weapon   |     2 |     3 ||     5
  Use: Potion            |     2 |       ||     2
       Scroll            |     4 |     1 ||     5
 Stab: Sleeping          |     1 |       ||     1
       Invisible         |     1 |       ||     1
  Eat: Chunk             |     2 |       ||     2
       Ration            |       |     1 ||     1
Armor: Leather armour    |    66 |     9 ||    75
Dodge: Dodged            |   144 |    29 ||   173
       Rpst.: Falchion   |    47 |    10 ||    57
